 Dungeon Crawl Stone Soup version 0.29-a0-1027-gcd8c55af63 (webtiles) character file.

Game seed: 8649138118041728509

16 bladeefan the Trooper (level 2, 0/27 HPs)
             Began as a Hill Orc Monk on Aug 13, 2022.
             Frozen to death by an endoplasm (5 damage)
             ... on level 1 of the Dungeon.
             The game lasted 00:00:40 (510 turns).

bladeefan the Trooper (Hill Orc Monk)                Turns: 510, Time: 00:00:41

Health: 0/27       AC:  5    Str: 13    XL:     2   Next: 58%
Magic:  2/2        EV: 11    Int: 10    God:
Gold:   0          SH:  0    Dex: 13    Spells: 1/1 levels left

rFire   . . .      SeeInvis .   a - +0 mace
rCold   . . .      Faith    .   (no shield)
rNeg    . . .      Spirit   .   d - +0 ring mail
rPois   .          Reflect  .   (no helmet)
rElec   .          Harm     .   (no cloak)
rCorr   .          Rampage  .   (no gloves)
Will    .....                   (no boots)
Stlth   +.........              (no amulet)
HPRegen 0.09/turn               (no ring)
MPRegen 0.08/turn               (no ring)

@: no status effects
A: no striking features
a: no special abilities


You were on level 1 of the Dungeon.
You visited 1 branch of the dungeon, and saw 1 of its levels.

Inventory:

Hand Weapons
 a - a +0 mace (weapon)
Armour
 d - a +0 ring mail (worn)
   (You found it on level 1 of the Dungeon)
Scrolls
 e - a scroll of identify {unknown}
Potions
 b - 2 potions of heal wounds {unknown}
 c - a potion of ambrosia
 f - a potion of lignification {unknown}
 g - a potion of attraction {unknown}


   Skills:
 * Level 4.1 Fighting
 + Level 3.5 Maces & Flails
 + Level 2.5 Dodging
 + Level 1.8 Stealth


You had one spell level left.
You didn't know any spells.
Your spell library contained the following spells:

 Spells                   Type           Power      Damage    Failure   Level
 Poisonous Vapours        Pois/Air       0%         N/A       77%         2
 Conjure Flame            Conj/Fire      0%         6-21      94%         3
 Ignite Poison            Fire/Tmut/Pois 0%         N/A       94%         3
 Corpse Rot               Necr/Pois/Air  0%         N/A       100%        4
 Sticky Flame             Conj/Fire      0%         2d3       100%        4


Dungeon Overview and Level Annotations

Branches:
Dungeon (1/15)

Altars:


Message History

You are frozen.
The hobgoblin barely misses you.
You hit the ball python but do no damage.
The ball python bites you.
The ball python bites you but does no damage.
The ball python constricts you. The endoplasm freezes you.
You are frozen.
* * * LOW HITPOINT WARNING * * *
The hobgoblin misses you.
The ball python bites you but does no damage. x2
The ball python constricts you.
You escape the ball python's grasp.
The ball python attacks as you move away!
The ball python misses you. The ball python closely misses you.
The ball python attacks as you move away!
The ball python bites you but does no damage.
The ball python bites you.
* * * LOW HITPOINT WARNING * * *
The ball python closely misses you.
The ball python attacks as you move away!
The ball python bites you.
* * * LOW HITPOINT WARNING * * *
The ball python barely misses you. The endoplasm attacks as you move away!
The endoplasm hits you.
* * * LOW HITPOINT WARNING * * *
The endoplasm attacks as you move away! The endoplasm closely misses you.
The endoplasm attacks as you move away!
The endoplasm hits you but does no damage.
The endoplasm attacks as you move away!
The endoplasm hits you but does no damage.
The endoplasm attacks as you move away!
The endoplasm hits you but does no damage.
The ball python closely misses you. The ball python misses you.
The ball python attacks as you move away!
The ball python bites you but does no damage.
The endoplasm attacks as you move away! The endoplasm barely misses you.
The ball python barely misses you. The ball python misses you.
You hit the ball python.
You kill the ball python!
You barely miss the ball python. The ball python closely misses you. x2
You sock the ball python!
You kill the ball python!
You hit the endoplasm. The endoplasm freezes you.
You are frozen.
* * * LOW HITPOINT WARNING * * *
You hit the endoplasm but do no damage. The endoplasm freezes you.
You are frozen.
You die...

### #+# ..#
#.# ..# #@#
..# #J# ..#
#........##g##
..#
#....)...#...#
..#
#........#...#
..#
#........#...#
..#
#........#...#
..#
#..^.....#...#
..#
#........#...#


You could see an endoplasm and a hobgoblin.

Vanquished Creatures
  2 ball pythons (D:1)
  An endoplasm (D:1)
  2 giant cockroaches (D:1)
  A goblin (D:1)
  A hobgoblin (D:1)
  2 quokkas (D:1)
  3 frilled lizards (D:1)
  2 kobolds (D:1)
  A rat (D:1)
15 creatures vanquished.

Notes
Turn   | Place    | Note
-------+----------+-------------------------------------------
     0 | D:1      | bladeefan the Hill Orc Monk began the quest for the Orb.
     0 | D:1      | Reached XP level 1. HP: 19/19 MP: 1/1
   124 | D:1      | Reached XP level 2. HP: 24/27 MP: 2/2
   339 | D:1      | Reached skill level 4 in Fighting
   510 | D:1      | Frozen to death by an endoplasm

Illustrated notes

Levels and vault maps discovered:
D:1:      mrwooster_arrival_statue_2, layout_basic,
          nicolae_ecumenical_snake_handling

Skill      XL: |  1  2 |
---------------+-------+-----
Fighting       | 4 |  4.1
Maces & Flails | |  3.5
Dodging        | |  2.5
Stealth        | |  1.8

Action                   || total
-------------------------++-------
Melee: Mace              ||    47
       Punch             ||     1
 Stab: Sleeping          ||     1
Armor: Ring mail         ||    21
       Robe              ||     1
Dodge: Dodged            ||    47

Table legend: (Time is in decaauts)
 A = Elapsed time spent in this place.
 B = Non-inter-level travel time spent in this place.
 C = Inter-level travel time spent in this place.
 D = Time resting spent in this place.
 E = Time spent auto-exploring this place.
 F = Levels seen in this place.
 G = Mean time per level.
                   A        B        C        D        E       F      G
               +--------+--------+--------+--------+--------+-----+--------+
         Total |    520 |    520 |      0 |      0 |    391 |   1 |  520.0 |
       Dungeon |    520 |    520 |      0 |      0 |    391 |   1 |  520.0 |
               +--------+--------+--------+--------+--------+-----+--------+

Top non-repeatable levels by time:
     D:1: 520 daAuts
